 Dungeon Crawl Stone Soup version 0.29.1-12-g30fa7ad0bf (webtiles) character file.

Game seed: 2727315408759964340

93 KittyFluff the Covered (level 4, -1/29 HPs)
             Began as a Gargoyle Fighter on Jan 4, 2023.
             Splashed by a jelly's acid (9 damage)
             ... on level 4 of the Dungeon.
             The game lasted 00:11:31 (2138 turns).

KittyFluff the Covered (Gargoyle Fighter)           Turns: 2138, Time: 00:11:32

Health: -1/29      AC: -2    Str: 19    XL:     4   Next: 62%
Magic:  4/4        EV: 11    Int:  9    God:
Gold:   234        SH:  9    Dex: 11    Spells: 3/3 levels left

rFire   . . .      SeeInvis .   a - +0 flail
rCold   . . .      Faith    .   c - +0 buckler
rNeg    + . .      Spirit   .   m - +0 leather armour
rPois   ∞          Reflect  +   p - +0 helmet
rElec   +          Harm     .   (no cloak)
rCorr   .          Rampage  .   (no gloves)
Will    .....                   n - +0 pair of boots
Stlth   +.........              k - amulet of reflection
HPRegen 0.09/turn               (no ring)
MPRegen 0.09/turn               (no ring)

@: corroded
A: sickness immunity, AC +3, negative energy resistance 1, electricity
resistance, torment resistance 1, petrification resistance
a: no special abilities


You were on level 4 of the Dungeon.
You visited 1 branch of the dungeon, and saw 4 of its levels.

You collected 234 gold pieces.

Inventory:

Hand Weapons
 a - a +0 flail (weapon)
Missiles
 f - 2 javelins
 h - 40 stones (quivered)
 r - 5 poisoned darts
Armour
 b - a +0 scale mail
 c - a +0 buckler (worn)
 m - a +0 leather armour (worn)
 n - a +0 pair of boots (worn)
 p - a +0 helmet (worn)
 s - a +0 hat
Jewellery
 k - an amulet of reflection (around neck)
Scrolls
 i - 2 scrolls of teleportation {unknown}
 q - 2 scrolls of silence {unknown}
Potions
 d - a potion of might
 e - a potion of flight
 g - 4 potions of invisibility
 j - a potion of curing
 l - a potion of mutation
 o - a potion of cancellation


   Skills:
 + Level 3.7 Fighting
 + Level 2.9 Maces & Flails
 * Level 4.2 Armour
 + Level 0.9 Dodging
 + Level 3.6 Shields


You had 3 spell levels left.
You didn't know any spells.
Your spell library was empty.

Dungeon Overview and Level Annotations

Branches:
Dungeon (4/15)
 Temple: D:4-7

Altars:
Ashenzari


Innate Abilities, Weirdness & Mutations

You are immune to sickness and miasma.
Your stone body is resilient. (AC +3)
You are immune to poison.
You resist negative energy. (rN+)
You are resistant to electric shocks. (rElec)
You are resistant to unholy torment.
You are immune to petrification.


Message History

You sock the kobold!
You kill the kobold!
An adder comes into view.
You block the hobgoblin's attack.
The adder moves out of view.
You hit the hobgoblin.
The hobgoblin is moderately wounded.
The hobgoblin hits you but does no damage.
You block the hobgoblin's attack.
You closely miss the hobgoblin.
The hobgoblin is moderately wounded.
You block the hobgoblin's attack.
You sock the hobgoblin!
You kill the hobgoblin!
t - 2 scrolls of identify (gained 1)
As you read the scroll of identify, it crumbles to dust.
j - a potion of curing
As you read the scroll of identify, it crumbles to dust.
o - a potion of cancellation A jelly comes into view.
The jelly quivers.
You barely miss the jelly. You block the jelly's attack.
The jelly hits you but does no damage.
You hit the jelly. The acid corrodes you!
Your hands burn!
The jelly is lightly wounded.
You block the jelly's attack.
You thump the jelly! The acid corrodes you!
Your hands burn!
The jelly is heavily wounded.
The jelly barely misses you.
You hit the jelly but do no damage.
Your hands burn!
The jelly is heavily wounded.
The jelly barely misses you.
You hit the jelly.
Your hands burn!
The jelly is almost dead.
You block the jelly's attack. x2
You hit the jelly. The acid corrodes you!
Your hands burn!
The jelly is almost dead.
The jelly hits you.
* * * LOW HITPOINT WARNING * * *
You are splashed with acid!
You die...

##...... ......## .......
.....# #### .....# ..#..
#....# ..... #J..#
.....###@#####
......#....#.####
..#...............### .
.....................## ...
#............#........#.....
#...................†......
#......#.........<)#.......
......##..........#####.##.
#....##......##.# ..


You could see a jelly.

Vanquished Creatures
  An adder (D:2)
  An ufetubus (D:4)
  A worm (D:2)
  A dart slug (D:3)
  An orc (D:3)
  4 ball pythons
  8 endoplasms
  4 giant cockroaches
  7 goblins
  4 hobgoblins
  9 jackals
  4 quokkas
  3 bats
  5 frilled lizards
  8 kobolds
  3 rats
64 creatures vanquished.

Vanquished Creatures (others)
  3 plants (D:1)
3 creatures vanquished.

Grand Total: 67 creatures vanquished

Notes
Turn   | Place    | Note
-------+----------+-------------------------------------------
     0 | D:1      | KittyFluff the Gargoyle Fighter began the quest for the
                  | Orb.
     0 | D:1      | Reached XP level 1. HP: 14/14 MP: 1/1
    79 | D:1      | Reached XP level 2. HP: 19/19 MP: 2/2
   232 | D:1      | Found a faded altar of an unknown god.
   369 | D:1      | Reached skill level 4 in Armour
   369 | D:1      | Reached XP level 3. HP: 16/23 MP: 3/3
   944 | D:2      | Reached XP level 4. HP: 28/28 MP: 4/4
  1893 | D:3      | Found a broken altar of Ashenzari.
  2138 | D:4      | Splashed by a jelly's acid

Illustrated notes

Levels and vault maps discovered:
D:1:      mrwooster_arrival_statue_3, layout_rooms,
          shapermc_ecumenical_altar_hornbeckon, dreamdust_mushroom_princess
D:2:      layout_basic
D:3:      layout_loops_ring, mainiacjoe_overflow_brackets
D:4:      layout_cave_pools, minmay_manual_monstrance

Skill      XL: |  1  2 |
---------------+-------+-----
Armour         | 4 |  4.2
Fighting       | |  3.7
Maces & Flails | |  2.9
Dodging        | |  0.9
Shields        | |  3.6

Action                   |  1- 3 |  4- 6 || total
-------------------------+-------+-------++-------
Melee: Flail             |   112 |    63 ||   175
  Use: Scroll            |       |     5 ||     5
 Stab: Sleeping          |       |     1 ||     1
Armor: Scale mail        |    16 |       ||    16
       Leather armour    |    39 |    20 ||    59
Dodge: Dodged            |    74 |    14 ||    88
Block: Buckler           |    45 |    40 ||    85
       Reflection        |       |     3 ||     3
